 Dungeon Crawl Stone Soup version 0.25-a0-435-g4b9beb1 (webtiles) character file.

Game seed: 12912937457549732052, levelgen mode: deterministic

138093 relicbr the Executioner (level 17, -13/148 HPs)
             Began as a Hill Orc Fighter on Jan 26, 2020.
             Was the Champion of Okawaru.
             Mangled by an ettin
             ... wielding a +0 dire flail
              (26 damage)
             ... on level 1 of the Depths on Jan 27, 2020.
             The game lasted 01:04:44 (22843 turns).

relicbr the Executioner (Hill Orc Fighter)         Turns: 22843, Time: 01:04:46

Health: -13/148    AC: 22    Str: 26    XL:     17   Next: 25%
Magic:  23/23      EV: 19    Int:  8    God:    Okawaru [******]
Gold:   1581       SH:  0    Dex: 15    Spells: 13/16 levels left

rFire    + . .     SeeInvis +   b - +9 executioner's axe (flame)
rCold    + . .     Gourm    .   (shield currently unavailable)
rNeg     + . .     Faith    .   L - +0 pearl dragon scales
rPois    +         Spirit   .   i - +0 mask of the Dragon {MR+ Slay+3 SInv}
rElec    +         Reflect  .   o - scarf {rC+ rF+}
rCorr    .         Harm     .   z - +3 pair of gauntlets of War {Slay+5}
MR       ++...                  U - +2 pair of boots {run}
Stlth    +.........             A - amulet of regeneration
HPRegen  0.74/turn              s - +5 ring of strength
MPRegen  0.18/turn              w - ring "Vuvoduxu" {*Drain rElec rPois EV+2 Stlth+}

@: marked, quick
A: no striking features
a: Heroism, Finesse, Renounce Religion


You were on level 1 of the Depths.
You worshipped Okawaru.
Okawaru was exalted by your worship.
You were hungry.

You visited 5 branches of the dungeon, and saw 25 of its levels.
You visited the Abyss 1 time.
You also visited: Ice Cave.

You collected 3254 gold pieces.
You spent 1673 gold pieces at shops.

Inventory:

Hand Weapons
 a - the +8 frozen axe "Frostbite" {freezing cloud, *Noise +Fly rC+}
   (You acquired it on level 2 of the Lair of Beasts)

   It has been specially enchanted to freeze those struck by it, causing extra
   injury to most foes and up to half again as much damage against particularly
   susceptible opponents.
   It can also slow down cold-blooded creatures.
   It protects you from cold.
   It lets you fly.
   It may make noises in combat.
 b - a +9 executioner's axe of flaming (weapon)
Missiles
 K - 3 curare-tipped darts (quivered)
Armour
 i - the +0 mask of the Dragon (worn) {MR+ Slay+3 SInv}
   (Okawaru gifted it to you on level 6 of the Lair of Beasts)

   It affects your accuracy and damage with ranged weapons and melee attacks
   (+3).
   It affects your resistance to hostile enchantments.
   It lets you see invisible.
   If you remove this armour, your AC will rise 0 points (22 -> 22)
 o - a scarf of resistance (worn)
 r - +0 ice dragon scales
 z - the +3 pair of gauntlets of War (worn) {Slay+5}
   (You bought it in a shop on level 14 of the Dungeon)

   It affects your accuracy and damage with ranged weapons and melee attacks
   (+5).
   If you remove this armour, your AC will fall 5 points (22 -> 17)
 L - +0 pearl dragon scales (worn)
 U - a +2 pair of boots of running (worn)
Jewellery
 g - an uncursed amulet of guardian spirit
 n - an uncursed ring of fire
 s - a +5 ring of strength (left hand)
 w - the ring "Vuvoduxu" (right hand) {*Drain rElec rPois EV+2 Stlth+}
   (You found it on level 6 of the Lair of Beasts)

   [ring of evasion]

   It affects your evasion (+2).
   It insulates you from electricity.
   It protects you from poison.
   It causes draining when unequipped.
   It makes you more stealthy.
 x - an uncursed ring of resist corrosion
 A - an amulet of regeneration (around neck)
 N - an uncursed ring of ice
Wands
 c - a wand of acid (6)
 l - a wand of paralysis (11)
 p - a wand of digging (10)
 y - a wand of flame (38)
 G - a wand of clouds (5)
 S - a wand of iceblast (9)
Scrolls
 j - 2 scrolls of magic mapping
 m - 4 scrolls of teleportation
 t - a scroll of holy word {unknown}
 v - a scroll of blinking
 B - a scroll of summoning
 C - a scroll of fog {unknown}
 D - 7 scrolls of remove curse
 E - a scroll of identify
 H - a scroll of silence {unknown}
 I - 5 scrolls of fear
Potions
 d - 4 potions of might
 e - 2 potions of agility
 h - 10 potions of curing
 k - a potion of heal wounds
 q - a potion of cancellation
 u - 4 potions of flight
Comestibles
 f - 35 rations


   Skills:
 * Level 12.7 Fighting
 - Level 26.3 Axes
 - Level 10.0 Armour
 - Level 11.2 Dodging
   Level 4.0 Shields
 - Level 8.3 Invocations


You had 13 spell levels left.
You knew the following spells:

 Your Spells              Type           Power        Failure   Level  Hunger
a - Vampiric Draining     Necr           #.........   96%         3    ####...

Your spell library contained the following spells:

 Spells                   Type           Power        Failure   Level  Hunger
 Animate Skeleton         Necr           N/A          69%         1    ##.....
 Apportation              Tloc           #.....       69%         1    ##.....
 Corona                   Hex            #......      69%         1    ##.....
 Pain                     Necr           #...         69%         1    ##.....
 Summon Small Mammal      Summ           #...         69%         1    ##.....
 Animate Dead             Necr           N/A          100%        4    #####..
 Agony                    Necr           #.......     100%        5    ######.


Dungeon Overview and Level Annotations

Branches:
Dungeon (15/15)            Temple (1/1) D:7            Lair (6/6) D:10
  Swamp (0/4) Lair:3        Snake (0/4) Lair:3        Slime (0/5) Lair:5
    Orc (2/2) D:11            Elf (0/3) Orc:2        Vaults (0/5) D:14
 Depths (1/5) D:15          IceCv (visited)

Altars:
Fedhas
Hepliaklqana
Nemelex Xobeh
Okawaru
Qazlal
Ru
Sif Muna
Trog
Wu Jian
Xom
Yredelemnul
The Shining One
Jiyva

Shops:
D:4 [   D:6 *   D:14 [*[!   Orc:2 :([*


Message History

The blast of cold hits the ice dragon.
The ice dragon resists.
The blast of cold hits you! You resist.
The ettin hits you with a +0 dire flail!!
* * * LOW HITPOINT WARNING * * *
The ettin hits you with a +0 dire flail!
* * * LOW HITPOINT WARNING * * *
You closely miss the ice dragon.
The ice dragon is almost dead.
Your pearl dragon scales prevents you from hitting the ettin.
The ice dragon misses you. The ice dragon barely misses you.
The ice dragon misses you.
Unknown command.
You slice the ice dragon!! You burn the ice dragon!
You kill the ice dragon!
Okawaru accepts your kill.
The ice dragon scales are intact enough to wear.
You hit the ettin. You burn the ettin. You slash the ice dragon!
You burn the ice dragon.
The ettin hits you with a +0 dire flail!!
You die...

#.............
+.....#.......
#......####...
+.......# ##..
###G...#### #..
#.....## ##..
##.....# #...
##.##..## #...
##@###### #...
##C[D## #...
###.....# ###...
#...))..# #...##
.........††..#
###.#
...D.........#
###
.............#
..............#
...............#


You could see 2 ice dragons, a great orb of eyes and an ettin.

Vanquished Creatures
  Jorgrun (D:12)
  An Executioner (Abyss:2)
  Gastronok (Lair:2)
  A tentacled starspawn (Abyss:2)
  A frost giant (Depths:1)
  2 fire giants (Depths:1)
  Louise (D:14)
  An orc warlord (Orc:2)
  An ironheart preserver (D:14)
  A stone giant (Depths:1)
  3 very ugly things (Depths:1)
  Snorg (D:14)
  An ettin (Depths:1)
  A green death (Abyss:2)
  Josephine (D:14)
  2 fire dragons
  2 ogre magi
  The ghost of silenth the Cleaver, a journeyman HOFi of Nemelex Xobeh (D:9)
  A great orb of eyes (Depths:1)
  5 ice dragons
  Fannar (D:10)
  A merfolk avatar (Lair:6)
  A death knight (D:15)
  5 hydras
  5 centaur warriors
  Erica (Lair:1)
  13 two-headed ogres
  6 death yaks (Lair:2)
  A vampire mage (Depths:1)
  A dancing weapon (D:9)
  The ghost of louisi3 the Unseen, a journeyman SpEE of Sif Muna (Orc:2)
  A tengu warrior (Depths:1)
  A deep troll shaman (Depths:1)
  2 deep troll earth magi (Depths:1)
  3 orc high priests (Orc:2)
  A hell hog (Abyss:2)
  Nergalle (D:10)
  3 unseen horrors
  A deep troll (Depths:1)
  5 orc knights
  3 harpies (Lair:6)
  3 deep elf magi
  3 orc sorcerers (Orc:2)
  5 cyclopes
  29 ugly things
  2 manticores
  A black mamba (shapeshifter) (Depths:1)
  6 elephants
  2 ice statues (IceCv)
  Psyche (D:12)
  9 spiny frogs
  7 black mambas
  6 centaur skeletons
  A torpor snail (Lair:4)
  9 komodo dragons
  6 yaktaurs (Depths:1)
  5 freezing wraiths
  7 rime drakes
  An efreet (D:14)
  A hellwing (Abyss:2)
  5 trolls
  A harpy zombie (D:15)
  6 polar bears
  A queen bee (Lair:3)
  5 slime creatures (Depths:1)
  2 hornets
  A wind drake (shapeshifter) (Abyss:2)
  4 dream sheep (Lair:6)
  A wind drake (Lair:6)
  14 blink frogs
  9 hippogriffs
  5 water elementals
  8 wraiths
  5 wyverns
  A vampire (D:13)
  4 shadows (D:14)
  43 yaks
  A fire elemental (Lair:2)
  A chaos spawn (Abyss:2)
  A hungry ghost (D:12)
  6 basilisks
  3 vampire mosquitoes (D:12)
  5 wargs
  An acid dragon (D:14)
  3 insubstantial wisps (Abyss:2)
  8 water moccasins
  9 porcupines
  Duvessa (D:4)
  24 orc warriors
  11 ice beasts
  A hornet zombie (D:9)
  3 phantoms
  4 sky beasts
  33 wolves
  17 ogres
  3 boggarts (Depths:1)
  5 black bears
  14 centaurs
  3 big kobolds
  18 crocodiles
  19 bullfrogs
  Dowan (D:4)
  8 scorpions
  35 killer bees
  20 wights
  4 electric eels
  11 howler monkeys
  6 crimson imps
  12 orc priests
  4 centaur zombies
  A gnoll shaman (D:8)
  8 hounds
  3 jellies
  16 orc wizards
  7 iguanas
  Ijyb (D:5)
  Natasha (D:4)
  12 worker ants
  A killer bee zombie (D:5)
  2 hound zombies
  2 hound skeletons
  A howler monkey skeleton (D:4)
  3 worker ant zombies
  7 gnolls
  16 adders
  4 shadow imps
  An ooze (D:3)
  2 adder skeletons (D:7)
  A worm (D:2)
  4 dart slugs
  6 leopard geckos
  76 orcs
  8 bats
  10 giant cockroaches
  6 goblins
  13 hobgoblins
  9 jackals
  3 quokkas
  9 ball pythons
  7 frilled lizards
  18 kobolds
  A quokka skeleton (D:8)
  10 rats
  A butterfly (Lair:3)
  5 fungi
  4 plants
  2 starspawn tentacles (Abyss:2)
881 creatures vanquished.

Vanquished Creatures (others)
  An ugly thing (IceCv)
  A rime drake (Lair:6)
  9 fungi
  7 plants
  A starspawn tentacle (Abyss:2)
  2 toadstools (D:10)
21 creatures vanquished.

Grand Total: 902 creatures vanquished

Notes
Turn   | Place    | Note
-------+----------+-------------------------------------------
     0 | D:1      | relicbr the Hill Orc Fighter began the quest for the Orb.
     0 | D:1      | Reached XP level 1. HP: 19/19 MP: 1/1
    26 | D:1      | Reached skill level 3 in Axes
   201 | D:1      | Reached XP level 2. HP: 21/26 MP: 2/2
   537 | D:1      | Reached skill level 4 in Axes
   896 | D:1      | Reached XP level 3. HP: 31/31 MP: 3/3
  1440 | D:2      | Reached skill level 5 in Axes
  1773 | D:2      | Reached XP level 4. HP: 37/39 MP: 4/4
  1836 | D:2      | Reached skill level 6 in Axes
  2159 | D:2      | Reached XP level 5. HP: 38/45 MP: 5/5
  2670 | D:3      | Reached skill level 7 in Axes
  3027 | D:3      | Found a faded altar of an unknown god.
  3140 | D:3      | Reached skill level 8 in Axes
  3169 | D:3      | Reached XP level 6. HP: 51/51 MP: 6/6
  3489 | D:4      | Found Cunkat's Armour Shoppe.
  3497 | D:4      | Bought a cursed +0 helmet for 16 gold pieces
  3570 | D:4      | Reached skill level 9 in Axes
  3646 | D:4      | Reached XP level 7. HP: 57/57 MP: 7/7
  3748 | D:4      | Noticed Duvessa
  3748 | D:4      | Noticed Dowan
  3767 | D:4      | Killed Duvessa
  3767 | D:4      | Reached skill level 10 in Axes
  3772 | D:4      | Killed Dowan
  3930 | D:4      | Found a stormy altar of Qazlal.
  3933 | D:4      | Noticed Natasha
  3938 | D:4      | Killed Natasha
  4212 | D:5      | Entered Level 5 of the Dungeon
  4280 | D:5      | Reached skill level 11 in Axes
  4382 | D:5      | Noticed Ijyb
  4385 | D:5      | Killed Ijyb
  4438 | D:5      | Reached XP level 8. HP: 60/64 MP: 8/8
  4498 | D:5      | Reached skill level 12 in Axes
  4665 | D:5      | Reached skill level 13 in Axes
  5031 | D:6      | Reached skill level 14 in Axes
  5031 | D:6      | Reached XP level 9. HP: 69/70 MP: 9/9
  5462 | D:6      | Found Ytodagad's General Store.
  5890 | D:7      | Reached skill level 5 in Fighting
  6189 | D:7      | Found a staircase to the Ecumenical Temple.
  6194 | Temple   | Entered the Ecumenical Temple
  6218 | Temple   | Became a worshipper of Warmaster Okawaru
  6334 | D:7      | Reached skill level 10 in Fighting
  6924 | D:4      | Bought a scarf of resistance for 352 gold pieces
  7026 | D:8      | Reached XP level 10. HP: 86/93 MP: 10/10
  7208 | D:8      | Reached skill level 5 in Armour
  7338 | D:8      | Reached * piety under Okawaru
  8038 | D:9      | Learned a level 3 spell: Vampiric Draining
  8107 | D:9      | Reached ** piety under Okawaru
  8405 | D:9      | Found a runed translucent door.
  8405 | D:9      | Found a shimmering altar of Xom.
  8405 | D:9      | Noticed silenth's ghost (journeyman HOFi)
  8405 | D:9      | Noticed a +0 morningstar of chaos
  8442 | D:9      | Reached *** piety under Okawaru
  8458 | D:9      | Reached skill level 10 in Armour
  8732 | D:10     | Entered Level 10 of the Dungeon
  8738 | D:10     | Reached skill level 1 in Dodging
  8747 | D:10     | Reached XP level 11. HP: 99/99 MP: 11/11
  8787 | D:10     | Noticed Fannar
  8811 | D:10     | Killed Fannar
  8909 | D:10     | Killed an unseen horror
  8909 | D:10     | Reached **** piety under Okawaru
  8991 | D:10     | Noticed Nergalle
  9010 | D:10     | Killed Nergalle
  9047 | D:10     | Reached skill level 5 in Dodging
  9637 | D:10     | Found a staircase to the Lair.
  9873 | Lair:1   | Entered Level 1 of the Lair of Beasts
  9901 | Lair:1   | Reached ***** piety under Okawaru
 10269 | Lair:1   | Noticed a five-headed hydra
 10279 | Lair:1   | Killed a three-headed hydra
 10310 | Lair:1   | Noticed Erica
 10312 | Lair:1   | Noticed a four-headed hydra
 10329 | Lair:1   | Killed Erica
 10333 | Lair:1   | Killed a one-headed hydra
 10333 | Lair:1   | Reached XP level 12. HP: 57/106 MP: 9/12
 10541 | Lair:1   | Received a gift from Okawaru
 10542 | Lair:1   | Got a shimmering broad axe {god gift}
 10543 | Lair:1   | Identified the +5 broad axe of Okawaru's Castigation
                  | {freeze, rF+ MR+ Str-4} (Okawaru gifted it to you on level
                  | 1 of the Lair of Beasts)
 10796 | Lair:2   | Noticed a death yak
 10796 | Lair:2   | Noticed a death yak
 10796 | Lair:2   | Noticed a death yak
 10796 | Lair:2   | Noticed a death yak
 10797 | Lair:2   | Noticed a death yak
 10797 | Lair:2   | Noticed a death yak
 10816 | Lair:2   | Killed a death yak
 11144 | Lair:2   | Reached skill level 10 in Dodging
 11469 | Lair:2   | Received a gift from Okawaru
 11476 | Lair:2   | Identified a +2 pair of boots of running (Okawaru gifted it
                  | to you on level 2 of the Lair of Beasts)
 11533 | Lair:2   | Noticed Gastronok
 11559 | Lair:2   | HP: 3/106 [Gastronok/the air (14)]
 11564 | Lair:2   | Killed Gastronok
 11775 | Lair:2   | Identified a scroll of acquirement
 11777 | Lair:2   | Found the +8 frozen axe "Frostbite" {freezing cloud, *Noise
                  | +Fly rC+}
 11808 | Lair:2   | Killed a death yak
 11808 | Lair:2   | Killed a death yak
 11812 | Lair:2   | Killed a death yak
 11812 | Lair:2   | Reached XP level 13. HP: 77/113 MP: 11/13
 11813 | Lair:2   | Reached skill level 15 in Axes
 12327 | Lair:3   | Reached skill level 1 in Invocations
 12567 | Lair:3   | Reached skill level 5 in Invocations
 12573 | Lair:3   | Received a gift from Okawaru
 12776 | Lair:3   | Got a steaming graven amulet
 12836 | Lair:3   | Found a staircase to the Snake Pit.
 12888 | Lair:3   | Reached skill level 16 in Axes
 12945 | Lair:3   | Found a staircase to the Swamp.
 13357 | Lair:3   | Identified the amulet of Generosity {RegenMP *Corrode rPois
                  | rN+} (You found it on level 3 of the Lair of Beasts)
 14098 | Lair:4   | Reached ****** piety under Okawaru
 14221 | Lair:4   | Reached skill level 17 in Axes
 14522 | Lair:5   | Found a runed translucent door.
 14522 | Lair:5   | Found a viscous altar of Jiyva.
 14522 | Lair:5   | Found a staircase to the Slime Pits.
 14947 | Lair:6   | Entered Level 6 of the Lair of Beasts
 15019 | Lair:6   | Reached XP level 14. HP: 121/121 MP: 20/20
 15046 | Lair:6   | Received a gift from Okawaru
 15046 | Lair:6   | Reached skill level 18 in Axes
 15201 | Lair:6   | Paralysed by a hornet for 3 turns
 15224 | Lair:6   | Reached skill level 19 in Axes
 15379 | Lair:6   | Received a gift from Okawaru
 15380 | Lair:6   | Found the +0 mask of the Dragon {MR+ Slay+3 SInv}
 15414 | Lair:6   | Got a slimy wooden ring
 16012 | Lair:2   | Identified the ring "Vuvoduxu" {*Drain rElec rPois EV+2
                  | Stlth+} (You found it on level 6 of the Lair of Beasts)
 16172 | D:11     | Found a staircase to the Orcish Mines.
 16419 | D:11     | Reached skill level 20 in Axes
 16759 | Orc:1    | Entered Level 1 of the Orcish Mines
 16904 | Orc:2    | Entered Level 2 of the Orcish Mines
 16933 | Orc:2    | Noticed an orc warlord
 16952 | Orc:2    | Killed an orc warlord
 17112 | Orc:2    | Found Gakhlaara's Antique Armour Emporium.
 17117 | Orc:2    | Found Vesme's Antique Weapon Emporium.
 17144 | Orc:2    | Found a staircase to the Elven Halls.
 17155 | Orc:2    | Reached skill level 21 in Axes
 17162 | Orc:2    | Received a gift from Okawaru
 17162 | Orc:2    | Reached XP level 15. HP: 76/126 MP: 14/21
 17179 | Orc:2    | Found a frozen archway.
 17207 | IceCv    | Entered an ice cave
 17249 | IceCv    | Found a transporter.
 17294 | IceCv    | Found a transporter.
 17506 | Orc:2    | Found Wimuut's Book Boutique.
 17644 | Orc:2    | Reached skill level 22 in Axes
 17680 | Orc:2    | Found Ixich's General Store.
 17721 | Orc:2    | Bought a scroll of blinking for 112 gold pieces
 17721 | Orc:2    | Bought a potion of curing for 45 gold pieces
 17721 | Orc:2    | Bought 8 datura-tipped darts for 48 gold pieces
 17733 | Orc:2    | Bought a pair of glowing gloves for 262 gold pieces
 17864 | Orc:2    | Found a large runed translucent door.
 17871 | Orc:2    | Found a large runed translucent door.
 17875 | Orc:2    | Noticed louisi3's ghost (journeyman SpEE)
 18121 | Orc:2    | Killed louisi3's ghost
 18242 | D:9      | Killed silenth's ghost
 18534 | D:12     | Noticed Psyche
 18537 | D:12     | Killed Psyche
 18561 | D:12     | Noticed Jorgrun
 18581 | D:12     | Killed Jorgrun
 18591 | D:12     | Received a gift from Okawaru
 18607 | D:12     | Found a sacrificial altar of Ru.
 18627 | D:12     | Found a shimmering altar of Xom.
 18738 | D:12     | You fall into a shaft and drop 2 floors!
 18740 | D:14     | Noticed Louise
 18744 | D:14     | Cast into level 2 of the Abyss (Louise)
 18814 | Abyss:2  | Reached skill level 23 in Axes
 18824 | Abyss:2  | Noticed an Executioner
 18829 | Abyss:2  | Killed an Executioner
 18899 | Abyss:2  | Found a corrupted altar of Lugonu.
 18938 | Abyss:2  | Noticed a tentacled starspawn
 18950 | Abyss:2  | Killed a tentacled starspawn
 18989 | D:14     | Escaped the Abyss
 18998 | D:14     | Killed Louise
 19016 | D:14     | Noticed Snorg
 19022 | D:14     | Killed Snorg
 19022 | D:14     | Received a gift from Okawaru
 19130 | D:14     | Found a gate to the Vaults.
 19206 | D:14     | Found Garukh's Armour Shoppe.
 19206 | D:14     | Found Til Ophiraf's General Store.
 19211 | D:14     | Found Huirphall's Distillery.
 19219 | D:14     | Bought the +3 pair of gauntlets of War {Slay+5} for 760
                  | gold pieces
 19219 | D:14     | Found the +3 pair of gauntlets of War {Slay+5}
 19225 | D:14     | Found Evecipp's Antique Armour Shoppe.
 19238 | D:14     | Bought 2 potions of curing for 78 gold pieces
 19396 | D:14     | Reached skill level 24 in Axes
 19401 | D:14     | Reached XP level 16. HP: 113/134 MP: 22/22
 19459 | D:14     | You fall into a shaft and drop 1 floor!
 19459 | D:15     | Entered Level 15 of the Dungeon
 19766 | D:15     | Found a staircase to the Depths.
 20389 | D:14     | Noticed Josephine
 20400 | D:14     | Killed Josephine
 20460 | D:14     | Received a gift from Okawaru
 20473 | D:14     | Reached skill level 25 in Axes
 20995 | D:13     | Identified the amulet of Tyralaov {Faith rPois} (You
                  | acquired it on level 13 of the Dungeon)
 20995 | D:13     | Identified the +5 shield of Baw Giel {+Blink rC++ Str+4
                  | Int-3} (You acquired it on level 13 of the Dungeon)
 21900 | Depths:1 | Entered Level 1 of the Depths
 21926 | Depths:1 | Received a gift from Okawaru
 21926 | Depths:1 | Reached skill level 26 in Axes
 22241 | Depths:1 | Reached XP level 17. HP: 81/141 MP: 23/23
 22829 | Depths:1 | Received a gift from Okawaru
 22843 | Depths:1 | Mangled by an ettin

Levels and vault maps discovered:
D:1:      psy_arrival_conway, layout_basic, serial_bayou_pond_b
D:2:      layout_basic, first_ration, serial_corexii_hall,
          corexii_hall_statues_i, corexii_hall_statues_l, minmay_diced_spiral
D:3:      layout_rooms, chequers_ecumenical_altar_simple,
          kennysheep_nondescript, corner_web_ring, minmay_shallow_snake_nest
D:4:      layout_basic, nicolae_qazlal_general_emergency, serial_shops,
          nicolae_shop_stone, minmay_fractal_squares_5, uniq_duvessa,
          uniq_natasha
D:5:      layout_rooms, hangedman_decor_riveting, uniq_ijyb
D:6:      layout_layer_cave, serial_shops, nicolae_shop_waterfront
D:7:      layout_layer_cave, temple_doors_cd, hangedman_decor_peaks_small
D:8:      layout_basic, grunt_decor_resistance, blue_anna_alchemist
          [blue_anna_fruit_fields, blue_anna_fruit_fields],
          chequers_serial_rivers_micro_b
D:9:      layout_irregular_city, ebering_ghost_xom
D:10:     layout_irregular_city, grunt_lair_entry_orc_guard_hut,
          minmay_gold_behind_fungi, uniq_fannar, uniq_nergalle
D:11:     layout_roguey, erik_orc_3
D:12:     layout_roguey, basic_altar, nicolae_ru_awakened_eye, uniq_psyche,
          uniq_jorgrun
D:13:     layout_rooms, kennysheep_boxes
D:14:     layout_gridville, skrybe_vaults_entry_preservation,
          minmay_misc_feat_chi, minmay_shop_grid_forest, skrybe_limestone_x,
          fungi_pond_lemuel, uniq_josephine, uniq_snorg, uniq_louise
D:15:     grunt_enter_depths_hoard, layout_basic, minivault_24
Temple:   compressed_dpeg_triangle_lava_temple
Lair:1:   layout_loops_ring, uniq_erica
Lair:2:   layout_gridlike, grunt_forest_large_clearings, uniq_gastronok
Lair:3:   regret_index_combs_of_tragedy, layout_regular_city, swamp_mist,
          dummy_snake_entry, minivault_23, chequers_serial_rivers_micro_b,
          beast_lair_carwin_5, lemuel_fruit_fields
Lair:4:   layout_cave_pods
Lair:5:   layout_misc_corridors, slime_altar_2, nicolae_quartered_pool_little
Lair:6:   gammafunk_lair_ancient_temple, layout_concentric_octagons,
          columned_hall_lemuel, serial_bayou_shore_b
Orc:1:    layout_diamond_mine, serial_shops, shop, uniq_harold
Orc:2:    grunt_orc_gardens, layout_caves, grunt_orc_garden, grunt_orc_garden,
          grunt_orc_garden, grunt_orc_garden, ebering_ghost_disaster_area,
          portal_ice_cave_entry_animals_and_master, rock_pile
Depths:1: layout_cave_shapes, minmay_crystal_water, abyss_entry,
          grunt_hell_entry_dis_old, minmay_librarian, firewood_loft,
          grunt_megastairs_5, serial_bayou_shore_a

Skill      XL: |  1  2  3  4  5  6  7  8  9 10 11 12 13 14 15 16 17 |
---------------+----------------------------------------------------+-----
Axes           | 3 4 5 6 8 9 11 14 17 21 24 26 | 26.3
Fighting       | 10 12 | 12.7
Armour         | 4 10 | 10.0
Shields        | 4 |  4.0
Dodging        | 1 8 11 | 11.2
Invocations    | 8 |  8.3

Action                   |  1- 3 |  4- 6 |  7- 9 | 10-12 | 13-15 | 16-18 || total
-------------------------+-------+-------+-------+-------+-------+-------++-------
Melee: War axe           |   130 |   134 |       |       |       |       ||   264
       Hand axe          |       |    49 |   290 |   484 |       |       ||   823
       Long sword        |       |     4 |       |       |       |       ||     4
       Battleaxe         |       |       |       |    34 |    41 |       ||    75
       Broad axe         |       |       |       |   166 |       |       ||   166
       Executioner's axe |       |       |       |    10 |   712 |   322 ||  1044
Throw: Dart              |       |    15 |       |     7 |     2 |     4 ||    28
Invok: Heroism           |       |       |       |    10 |     5 |     1 ||    16
       Finesse           |       |       |       |       |     4 |     1 ||     5
Evoke: Wand              |       |       |       |       |     3 |       ||     3
  Use: Scroll            |       |       |    16 |     5 |     4 |    10 ||    35
       Potion            |       |       |       |     3 |     3 |       ||     6
  Eat: Chunk             |     3 |     6 |     6 |    17 |    18 |     5 ||    55
       Ration            |       |       |     1 |       |     2 |     1 ||     4
Armor: Scale mail        |    69 |    71 |    75 |       |       |       ||   215
       Pearl dragon scal |       |       |    12 |   310 |   263 |    87 ||   672
Dodge: Dodged            |    58 |    52 |    54 |   281 |   678 |   234 ||  1357
Block: Shield            |    77 |    92 |    54 |       |       |       ||   223
       Buckler           |       |       |    12 |   124 |       |       ||   136
       Rpst.: Long sword |       |     2 |       |       |       |       ||     2

Table legend:
 A = Non-vault XP
 B = Vault XP
 C = Vault XP percentage of total XP
 D = Non-vault monster count
 E = Vault monster count
 F = Vault count percentage of total count
                 A         B        C        D         E       F
            +---------+---------+-------+---------+---------+-------
      Total |  137267 |   60009 |  30.4 |     646 |     225 |  25.8
            +---------+---------+-------+---------+---------+-------
        D:1 |      40 |       6 |  13.0 |      26 |       3 |  10.3
        D:2 |     114 |      19 |  14.3 |      23 |       3 |  11.5
        D:3 |     139 |      20 |  12.6 |      26 |       6 |  18.8
        D:4 |     339 |     309 |  47.7 |      15 |       6 |  28.6
        D:5 |     850 |      36 |   4.1 |      18 |       1 |   5.3
        D:6 |     553 |       0 |   0.0 |      26 |       0 |   0.0
        D:7 |    2169 |       0 |   0.0 |      30 |       0 |   0.0
        D:8 |    1695 |     100 |   5.6 |      26 |       1 |   3.7
        D:9 |    2700 |    1908 |  41.4 |      47 |       2 |   4.1
       D:10 |    3358 |    2365 |  41.3 |      34 |       7 |  17.1
       D:11 |    3505 |     447 |  11.3 |      36 |      17 |  32.1
       D:12 |    4755 |    3379 |  41.5 |      22 |       2 |   8.3
       D:13 |    6507 |       0 |   0.0 |      31 |       0 |   0.0
       D:14 |   13096 |    8881 |  40.4 |      42 |      16 |  27.6
       D:15 |    9918 |    2088 |  17.4 |      27 |       2 |   6.9
     Lair:1 |    4259 |     907 |  17.6 |      12 |       1 |   7.7
     Lair:2 |   10051 |    5742 |  36.4 |      25 |      28 |  52.8
     Lair:3 |    3553 |    7033 |  66.4 |      17 |      53 |  75.7
     Lair:4 |    3506 |       0 |   0.0 |      14 |       0 |   0.0
     Lair:5 |    4112 |      45 |   1.1 |      17 |       1 |   5.6
     Lair:6 |    5293 |   10408 |  66.3 |      23 |      26 |  53.1
      Orc:1 |     215 |     133 |  38.2 |       4 |       1 |  20.0
      Orc:2 |    8496 |   13594 |  61.5 |      34 |      39 |  53.4
   Depths:1 |   40340 |       0 |   0.0 |      61 |       0 |   0.0
    Abyss:2 |    7704 |       0 |   0.0 |      10 |       0 |   0.0
      IceCv |       0 |    2589 | 100.0 |       0 |      10 | 100.0
            +---------+---------+-------+---------+---------+-------
